 Dungeon Crawl Stone Soup version 0.20.1-1-g8b1a95d (console) character file.

40 hilaritas the Chiller (level 3, -5/19 HPs)
             Began as a Deep Elf Ice Elementalist on Aug 27, 2017.
             Was an Initiate of Vehumet.
             Killed from afar by Sigmund (6 damage)
             ... with a magic dart
             ... on level 2 of the Dungeon.
             The game lasted 00:05:15 (1383 turns).

hilaritas the Chiller (Deep Elf Ice Elementalist)   Turns: 1383, Time: 00:05:17

Health: -5/19      AC: 10    Str:  6    XL:     3   Next: 30%
Magic:  1/9        EV: 13    Int: 24    God:    Vehumet [......]
Gold:   87         SH:  0    Dex: 15    Spells: 2/8 levels left

rFire    + . .     SeeInvis .   (no weapon)
rCold    + . .     Gourm    .   (no shield)
rNeg     . . .     Faith    .   a - +0 robe
rPois    +         Spirit   .   (no helmet)
rElec    +         Reflect  .   (no cloak)
rCorr    +         Harm     .   (no gloves)
MR       .....                  i - +2 pair of boots
Stlth    ++........             (no amulet)
Regen    0.1/turn               (no ring)
MPRegen  0.2/turn               (no ring)

@: brilliant, icy armour, about to teleport, resistant, very slightly
contaminated, slow
A: no striking features
a: Renounce Religion


You were on level 2 of the Dungeon.
You worshipped Vehumet.
Vehumet was noncommittal.
You were hungry.

You visited 1 branch of the dungeon, and saw 2 of its levels.

You collected 87 gold pieces.

Inventory:

Missiles
 f - 41 stones (quivered)
Armour
 a - a +0 robe (worn)
 i - a +2 pair of boots (worn)
Scrolls
 g - a scroll of remove curse
 k - a scroll of magic mapping
 n - a scroll of noise {unknown}
Books
 b - a book of Frost

   Spells                             Type                      Level
   a - Freeze                         Ice                          1
   b - Throw Frost                    Conjuration/Ice              2
   c - Ozocubu's Armour               Charms/Ice                   3
   d - Throw Icicle                   Conjuration/Ice              4
   e - Summon Ice Beast               Ice/Summoning                4
Comestibles
 c - a bread ration


   Skills:
 - Level 2.4 Dodging
 - Level 2.4 Stealth
 - Level 3.0 Spellcasting
 * Level 1.9 Conjurations
 + Level 4.5 Ice Magic


You had 2 spell levels left.
You knew the following spells:

 Your Spells              Type           Power        Failure   Level  Hunger
a - Freeze                Ice            ####         1%          1    None
b - Throw Frost           Conj/Ice       ####..       1%          2    ##.....
c - Ozocubu's Armour      Chrm/Ice       ####....     1%          3    ###....


Dungeon Overview and Level Annotations

Branches:
Dungeon (2/15)

Altars:
Ashenzari
Vehumet

Annotations:
D:2 Sigmund


Message History

Found a glowing short sword.
The bat zombie hits you but does no damage. x2
The bat zombie misses you. The bat zombie hits you.
* * * LOW HITPOINT WARNING * * *
The bat zombie closely misses you.
The bat zombie hits you but does no damage.
The bat zombie barely misses you. The bat zombie misses you.
The bat zombie closely misses you.
The kobold throws a stone.
The stone hits you but does no damage.
You see here a stone.
As you read the scroll labeled YLIGAKL JYAWY, it crumbles to dust.
You feel strangely unstable.
It was a scroll of teleportation.
The bat zombie hits you.
* * * LOW HITPOINT WARNING * * *
The bat zombie closely misses you. x2; The bat zombie barely misses you.
The bat zombie hits you but does no damage.
A magic dart appears from out of thin air!
The magic dart hits you!
You die...

...##.#.###........(........
..# #....§....#...w#)#.#..#
.. ......§..§.......K#
#####...§§§P##....##
#..≈§§≈§##....#
#..≈≈≈§§##....#
#...≈§§§§#....#
#....≈..§.§S..#
#.###.####@Z#.# .. ..#
#.Z.!# ..........
.....)..... .......8....
..l.......## #####......#
#.....##


You could see an adder, a dart slug, 2 bat zombies, a leopard gecko (sleeping)
and a kobold.

Vanquished Creatures
  A worm (D:2)
  2 dart slugs (D:1)
  A leopard gecko (D:1)
  A giant cockroach (D:1)
  4 goblins (D:1)
  2 hobgoblins (D:1)
  6 jackals (D:1)
  A quokka (D:1)
  5 bats
  A frilled lizard (D:1)
  3 kobolds
  A leopard gecko zombie (D:2)
  2 rats (D:1)
30 creatures vanquished.

Notes
Turn   | Place    | Note
-------+----------+-------------------------------------------
     0 | D:1      | hilaritas the Deep Elf Ice Elementalist began the quest for the Orb.
     0 | D:1      | Reached XP level 1. HP: 10/10 MP: 6/6
   286 | D:1      | Reached XP level 2. HP: 15/15 MP: 6/8
   290 | D:1      | Learned a level 2 spell: Throw Frost
   366 | D:1      | Reached skill level 4 in Ice Magic
   774 | D:1      | Reached XP level 3. HP: 19/19 MP: 7/9
  1049 | D:2      | Found a radiant altar of Vehumet.
  1049 | D:2      | Found a shattered altar of Ashenzari.
  1064 | D:1      | Learned a level 3 spell: Ozocubu's Armour
  1074 | D:2      | Became a worshipper of Vehumet
  1353 | D:2      | Noticed Sigmund
  1383 | D:2      | Killed from afar by Sigmund

Skill      XL: |  1  2 |
---------------+-------+-----
Ice Magic      | 4 |  4.5
Dodging        | |  2.4
Stealth        | |  2.4
Spellcasting   | |  3.0
Conjurations   | |  1.9

Action                   || total
-------------------------++-------
Melee: Unarmed           ||    34
 Cast: Freeze            ||    47
       Ozocubu's Armour  ||     3
       Throw Frost       ||     2
  Use: Scroll            ||     5
       Potion            ||     3
  Eat: Chunk             ||     1
Armor: Robe              ||    50
Dodge: Dodged            ||    70
